 Dungeon Crawl Stone Soup version 0.25.1-2-g60ff931df9 (webtiles) character file.

Game seed: 4082130671984955432

72836 funkygono the Slinger (level 15, -1/138 HPs)
             Began as a Minotaur Fighter on Nov 8, 2020.
             Was a High Priest of Okawaru.
             Slain by Kaxaet's ghost (5 damage)
             ... on level 1 of the Orcish Mines.
             The game lasted 01:05:54 (22958 turns).

funkygono the Slinger (Minotaur Fighter)           Turns: 22958, Time: 01:05:55

Health: -1/138     AC: 24    Str: 32    XL:     15   Next: 2%
Magic:  12/17      EV: 20    Int:  5    God:    Okawaru [*****.]
Gold:   2447       SH: 25    Dex:  9    Spells: 14/14 levels left

rFire    . . .     SeeInvis .   a - +5 mace of Beacoule {freeze, Str+2}
rCold    . . .     Gourm    .   n - +2 tower shield
rNeg     . . .     Faith    .   h - +6 scale mail of the Bells {Str+2}
rPois    .         Spirit   .   y - +2 hat
rElec    .         Reflect  .   U - +2 cloak {MR+}
rCorr    .         Harm     .   (no gloves)
MR       ++++.                  x - +1 pair of boots
Stlth    +.........             Z - amulet of magic regeneration
HPRegen  0.33/turn              J - ring of protection from magic
MPRegen  0.40/turn              D - +4 ring of evasion

@: heroism, finesse
A: retaliatory headbutt, horns 2, magic resistance 1, mutation resistance 1,
MP-powered wands
a: Heroism, Finesse, Renounce Religion


You were on level 1 of the Orcish Mines.
You worshipped Okawaru.
Okawaru was extremely pleased with you.
You were not hungry.

You visited 3 branches of the dungeon, and saw 18 of its levels.
You also visited: Volcano.

You collected 2447 gold pieces.

Inventory:

Hand Weapons
 a - the +5 mace of Beacoule (weapon) {freeze, Str+2}
   (Okawaru gifted it to you on level 2 of the Orcish Mines)

   It has been specially enchanted to freeze those struck by it, causing extra
   injury to most foes and up to half again as much damage against particularly
   susceptible opponents.
   It can also slow down cold-blooded creatures.
   It affects your strength (+2).
 b - a +5 fustibalus of freezing
 d - a +5 whip of venom
Missiles
 e - 582 stones (quivered)
 l - 224 sling bullets
Armour
 h - the +6 scale mail of the Bells (worn) {Str+2}
   (You found it on level 4 of the Lair of Beasts)

   It affects your strength (+2).
 n - a +2 tower shield (worn)
 r - a +1 chain mail of cold resistance
 x - a +1 pair of boots (worn)
 y - a +2 hat (worn)
 B - a +2 buckler
 G - +0 swamp dragon scales
 U - a +2 cloak of magic resistance (worn)
 X - a +2 chain mail of fire resistance
Jewellery
 o - an uncursed ring of see invisible
 p - an uncursed ring of flight
 D - a +4 ring of evasion (right hand)
 J - a ring of protection from magic (left hand)
 Z - an amulet of magic regeneration (around neck)
Wands
 A - a wand of iceblast (7)
 E - a wand of clouds (6)
 H - a wand of digging (10)
 N - a wand of paralysis (2)
 R - a wand of disintegration (11)
Scrolls
 j - 6 scrolls of fog
 m - 10 scrolls of remove curse
 u - 2 scrolls of magic mapping
 F - 3 scrolls of blinking
 M - 4 scrolls of fear
 O - 7 scrolls of teleportation
 Y - 2 scrolls of identify
Potions
 g - 8 potions of curing
 i - a potion of invisibility
 k - 5 potions of lignification
 q - 2 potions of resistance
 t - 2 potions of flight
 v - 2 potions of mutation
 z - a potion of haste
 C - 2 potions of ambrosia
 S - a potion of berserk rage
Comestibles
 c - 18 chunks of flesh
 f - 38 rations


   Skills:
 + Level 14.0(19.0) Fighting
 + Level 12.9(17.9) Maces & Flails
 + Level 14.7(19.7) Slings
 + Level 10.6(15.6) Armour
 + Level 8.8(13.8) Dodging
 + Level 13.7(18.7) Shields
 + Level 4.6 Invocations


You had 14 spell levels left.
You didn't know any spells.
Your spell library contained the following spells:

 Spells                   Type           Power        Failure   Level  Hunger
 Beastly Appendage        Tmut           #.....       88%         1    ##.....
 Corona                   Hex            #......      88%         1    ##.....
 Magic Dart               Conj           #...         88%         1    ##.....
 Shock                    Conj/Air       #...         88%         1    ##.....
 Blink                    Tloc           N/A          96%         2    ###....
 Call Imp                 Summ           #.......     96%         2    ###....
 Ensorcelled Hibernation  Hex/Ice        #.....       96%         2    ###....
 Slow                     Hex            #.......     96%         2    ###....
 Sticks to Snakes         Tmut           #.......     96%         2    ###....
 Swiftness                Chrm/Air       #.......     96%         2    ###....
 Confusing Touch          Hex            #.......     99%         3    ####...
 Conjure Flame            Conj/Fire      #.......     99%         3    ####...
 Dazzling Flash           Conj/Hex       #.....       99%         3    ####...
 Gell's Gravitas          Tloc           #.........   99%         3    ####...
 Ignite Poison            Fire/Tmut/Pois #.......     99%         3    ####...
 Mephitic Cloud           Conj/Pois/Air  #.......     99%         3    ####...
 Spider Form              Tmut/Pois      #.........   99%         3    ####...
 Static Discharge         Conj/Air       #.......     99%         3    ####...
 Tukima's Dance           Hex            #.......     99%         3    ####...
 Airstrike                Air            #.........   100%        4    #####..
 Cause Fear               Hex            #.........   100%        4    #####..
 Ice Form                 Ice/Tmut       #.......     100%        4    #####..
 Petrify                  Tmut/Erth      #.......     100%        4    #####..
 Blade Hands              Tmut           #.........   100%        5    ######.
 Fireball                 Conj/Fire      #.........   100%        5    ######.
 Irradiate                Conj/Tmut      #.........   100%        5    ######.
 Lightning Bolt           Conj/Air       #.........   100%        5    ######.
 Metabolic Englaciation   Hex/Ice        #.........   100%        5    ######.
 Silence                  Hex/Air        #.........   100%        5    ######.
 Yara's Violent Unravell  Hex/Tmut       #.........   100%        5    ######.
 Hydra Form               Tmut           #.........   100%        6    #######
 Starburst                Conj/Fire      #.........   100%        6    #######
 Statue Form              Tmut/Erth      #........    100%        6    #######
 Dragon Form              Tmut           #.........   100%        7    #######
 Ring of Flames           Chrm/Fire      #.........   100%        7    #######
 Discord                  Hex            #.........   100%        8    #######
 Ignition                 Fire           #.........   100%        8    #######


Dungeon Overview and Level Annotations

Branches:
Dungeon (10/15)            Temple (0/1) D:7            Lair (6/6) D:10
  Swamp (0/4) Lair:2       Spider (0/4) Lair:3        Slime (0/5) Lair:6
    Orc (2/2) D:10            Elf (0/3) Orc:2       Volcano (visited)

Altars:
Hepliaklqana
Okawaru
Qazlal

Shops:
Orc:2 ([*:

Annotations:
Orc:1 CannibalFerox's ghost, journeyman MiHu; Kaxaet's ghost, journeyman MfVM; barkas's ghost, journeyman CeMo


Innate Abilities, Weirdness & Mutations

You reflexively headbutt those who attack you in melee.
You have a pair of horns on your head.
You are resistant to hostile enchantments. (MR+)
You are somewhat resistant to further mutation.
You expend magic power (3 MP) to strengthen your wands.


Message History

You miss CannibalFerox's ghost.
CannibalFerox's ghost is heavily damaged.
Kaxaet's ghost hits you!
* * * LOW HITPOINT WARNING * * *
x2 CannibalFerox's ghost completely misses you.
You furiously retaliate!
You headbutt CannibalFerox's ghost, but do no damage.
You hit CannibalFerox's ghost but do no damage.
CannibalFerox's ghost is heavily damaged.
Kaxaet's ghost casts a spell at you. You block the sting.
You can now deal lightning-fast blows.
Something hits you!
* * * LOW HITPOINT WARNING * * *
Something burns you.
* * * LOW HITPOINT WARNING * * *
You block CannibalFerox's ghost's attack.
Kaxaet's ghost hits you!!
* * * LOW HITPOINT WARNING * * *
You die...

#.....##..........
##......#.........
##...............
##.#............
#...............
#......#..##....
##..#..#...####..
####.......#.##
#.. #.W@......####
##. ###'W'##### ##
#P........# #
#⌠.......⌠# #
#P.......P# #
#!........# ##
##8.....8## #.
##==8:|## ## #


You could see CannibalFerox's ghost and Kaxaet's ghost.

Vanquished Creatures
  2 orc warlords
  A stone giant (Orc:1)
  A red draconian (Volcano)
  A dire elephant (Lair:6)
  Harold (Orc:1)
  Erolcha (D:10)
  A centaur warrior (Volcano)
  5 hydras
  4 two-headed ogres
  4 orc high priests (Orc:2)
  4 death yaks (Lair:6)
  An unseen horror (D:10)
  3 orc knights (Orc:2)
  A wolf spider (Lair:6)
  A lindwurm (Lair:6)
  An ugly thing (D:10)
  2 oklob plants (Lair:2)
  5 orc sorcerers (Orc:2)
  A cyclops (Orc:2)
  A manticore (D:9)
  6 black mambas
  Maurice (D:10)
  9 elephants
  A guardian serpent (Lair:6)
  8 komodo dragons
  15 spiny frogs
  A torpor snail (Lair:3)
  Maggie (D:9)
  A rime drake (Lair:2)
  3 yaktaurs (Volcano)
  12 polar bears (Lair:6)
  A troll (D:9)
  A queen bee (D:9)
  3 hornets (Lair:6)
  Prince Ribbit (D:9)
  3 raiju (Lair:6)
  4 hippogriffs
  14 blink frogs
  A shadow (D:9)
  3 redbacks (Lair:6)
  9 wyverns
  26 yaks
  Grum (D:10)
  2 hungry ghosts
  A steam dragon (Lair:5)
  5 basilisks
  11 wargs
  20 water moccasins
  12 hell hounds (Lair:6)
  13 porcupines
  32 orc warriors
  4 ice beasts
  A phantom (D:9)
  12 black bears (Lair:6)
  10 ogres
  5 sky beasts
  27 wolves
  9 centaurs
  20 crocodiles
  10 bullfrogs
  A wyvern skeleton (D:7)
  A scorpion (D:5)
  19 killer bees
  8 wights
  2 howler monkeys (D:8)
  A bullfrog zombie (D:7)
  11 crimson imps
  3 jellies
  2 quasits
  17 orc priests
  A hound (D:5)
  A centaur skeleton (D:7)
  28 orc wizards
  7 hell rats (Lair:6)
  5 worker ants
  2 hound zombies
  A howler monkey zombie (D:7)
  A worker ant zombie (D:8)
  3 adders
  A howler monkey skeleton (D:9)
  A river rat (D:3)
  A shadow imp (D:10)
  A white imp (D:10)
  3 adder skeletons
  4 worms
  4 dart slugs
  2 leopard geckos
  72 orcs
  6 giant cockroaches
  10 goblins
  5 hobgoblins
  17 jackals
  7 kobolds
  8 quokkas
  10 bats
  2 frilled lizards (D:2)
  A jackal skeleton (D:8)
  A quokka zombie (D:6)
  13 rats
  A bush (D:10)
  2 fungi
  12 plants
658 creatures vanquished.

Vanquished Creatures (others)
  A troll (Orc:2)
  A bush (D:10)
  27 fungi
  47 plants
  A withered plant (Orc:1)
77 creatures vanquished.

Grand Total: 735 creatures vanquished

Notes
Turn   | Place    | Note
-------+----------+-------------------------------------------
     0 | D:1      | funkygono the Minotaur Fighter began the quest for the Orb.
     0 | D:1      | Reached XP level 1. HP: 19/19 MP: 0/0
   151 | D:1      | Reached XP level 2. HP: 24/27 MP: 1/1
   939 | D:2      | Reached XP level 3. HP: 33/33 MP: 2/2
  1154 | D:2      | Reached skill level 1 in Dodging
  1154 | D:2      | Reached XP level 4. HP: 36/40 MP: 3/3
  1601 | D:3      | Noticed an ogre
  1611 | D:3      | Killed an ogre
  1611 | D:3      | Reached skill level 5 in Shields
  1611 | D:3      | Reached XP level 5. HP: 30/46 MP: 4/4
  1822 | D:3      | Found an iron altar of Okawaru.
  1838 | D:3      | Became a worshipper of Warmaster Okawaru
  2660 | D:4      | Reached skill level 1 in Slings
  2660 | D:4      | Reached XP level 6. HP: 31/52 MP: 5/5
  2948 | D:4      | Reached skill level 5 in Armour
  3396 | D:5      | Entered Level 5 of the Dungeon
  3833 | D:5      | Reached * piety under Okawaru
  3833 | D:5      | Reached XP level 7. HP: 51/60 MP: 6/6
  4429 | D:6      | Reached skill level 5 in Maces & Flails
  4584 | D:6      | Reached skill level 5 in Slings
  4676 | D:6      | Reached ** piety under Okawaru
  4676 | D:6      | Reached skill level 5 in Fighting
  4680 | D:6      | Reached XP level 8. HP: 15/68 MP: 7/7
  5265 | D:7      | Found a staircase to the Ecumenical Temple.
  5509 | D:7      | Paralysed by fainting for 7 turns
  5532 | D:7      | Reached *** piety under Okawaru
  5654 | D:7      | Reached XP level 9. HP: 51/75 MP: 5/8
  5887 | D:7      | Found a stormy altar of Qazlal.
  6711 | D:8      | Noticed a two-headed ogre
  6723 | D:8      | Killed a two-headed ogre
  6723 | D:8      | Reached **** piety under Okawaru
  7232 | D:8      | Reached XP level 10. HP: 86/86 MP: 9/9
  7482 | D:9      | Noticed Maggie
  7503 | D:9      | Killed Maggie
  7503 | D:9      | Reached ***** piety under Okawaru
  8112 | D:9      | Noticed Prince Ribbit
  8116 | D:9      | Killed Prince Ribbit
  8116 | D:9      | Reached skill level 1 in Invocations
  8183 | D:9      | Noticed a manticore
  8192 | D:9      | Killed a manticore
  8230 | D:9      | Received a gift from Okawaru
  8402 | D:9      | Noticed a two-headed ogre
  8417 | D:9      | Killed a two-headed ogre
  8417 | D:9      | Received a gift from Okawaru
  8417 | D:9      | Reached skill level 10 in Slings
  8926 | D:10     | Entered Level 10 of the Dungeon
  8955 | D:10     | Received a gift from Okawaru
  8966 | D:10     | Noticed Grum
  8983 | D:10     | Killed Grum
  8983 | D:10     | Reached XP level 11. HP: 91/94 MP: 8/10
  8985 | D:10     | Got an ancient scale mail {god gift}
  8997 | D:10     | Identified the +1 scale mail "Lycres" {rF+} (Okawaru gifted
                  | it to you on level 10 of the Dungeon)
  9029 | D:10     | Noticed a two-headed ogre
  9030 | D:10     | Noticed a white ugly thing
  9051 | D:10     | Killed a two-headed ogre
  9061 | D:10     | Killed a white ugly thing
  9234 | D:10     | Found a staircase to the Lair.
  9354 | D:10     | Noticed Erolcha
  9378 | D:10     | Killed Erolcha
  9378 | D:10     | Reached skill level 10 in Shields
  9633 | D:10     | Reached skill level 5 in Dodging
  9756 | D:10     | Killed an unseen horror
  9935 | D:10     | Noticed a two-headed ogre
  9946 | D:10     | Killed a two-headed ogre
 10039 | D:10     | Found a staircase to the Orcish Mines.
 10287 | D:10     | Noticed Maurice
 10296 | D:10     | Paralysed by Maurice for 6 turns
 10304 | D:10     | Paralysed by Maurice for 6 turns
 10313 | D:10     | Killed Maurice
 10718 | Lair:1   | Entered Level 1 of the Lair of Beasts
 11160 | Lair:1   | Received a gift from Okawaru
 11192 | Lair:1   | Reached skill level 10 in Maces & Flails
 11896 | Lair:2   | Received a gift from Okawaru
 11904 | Lair:2   | Reached XP level 12. HP: 88/105 MP: 10/12
 11934 | Lair:2   | Received a gift from Okawaru
 12071 | Lair:2   | Found a hazy altar of Hepliaklqana.
 12220 | Lair:2   | Noticed a six-headed hydra
 12241 | Lair:2   | Killed a six-headed hydra
 12465 | Lair:2   | Found a staircase to the Swamp.
 12569 | Lair:2   | Received a gift from Okawaru
 12674 | Lair:2   | Reached ****** piety under Okawaru
 12674 | Lair:2   | Reached skill level 10 in Fighting
 13667 | Lair:3   | Found a hole to the Spider Nest.
 14294 | Lair:3   | Noticed a four-headed hydra
 14298 | Lair:3   | Killed a four-headed hydra
 14298 | Lair:3   | Received a gift from Okawaru
 14668 | Lair:4   | Got a spiked scale mail
 14679 | Lair:4   | Identified the +6 scale mail of the Bells {Str+2} (You
                  | found it on level 4 of the Lair of Beasts)
 15126 | Lair:4   | Got a bound gossamer ring
 15128 | Lair:4   | Identified the ring of Ustrefazo {Wiz *Contam MR+ Int+4}
                  | (You found it on level 4 of the Lair of Beasts)
 15147 | Lair:4   | Gained mutation: You are occasionally teleported next to
                  | monsters. [mutagenic glow]
 15362 | Lair:5   | Reached XP level 13. HP: 107/116 MP: 13/13
 15499 | Lair:5   | Received a gift from Okawaru
 15500 | Lair:5   | Found a dark tunnel.
 15527 | Volcano  | Entered a volcano
 15590 | Volcano  | Found a bloodstained altar of Trog.
 15591 | Volcano  | Noticed a red draconian
 15700 | Volcano  | Killed a red draconian
 16958 | Lair:6   | Entered Level 6 of the Lair of Beasts
 17038 | Lair:6   | Received a gift from Okawaru
 17979 | Lair:6   | Received a gift from Okawaru
 18176 | Lair:6   | Lost mutation: You are occasionally teleported next to
                  | monsters. [potion of mutation]
 18176 | Lair:6   | Gained mutation: You expend magic power (3 MP) to
                  | strengthen your wands. [potion of mutation]
 18176 | Lair:6   | Gained mutation: You are resistant to hostile enchantments.
                  | (MR+) [potion of mutation]
 18176 | Lair:6   | Gained mutation: You are somewhat resistant to further
                  | mutation. [potion of mutation]
 18205 | Lair:6   | Reached XP level 14. HP: 127/127 MP: 15/15
 18265 | Lair:6   | Received a gift from Okawaru
 18707 | Lair:6   | Found a staircase to the Slime Pits.
 18905 | Lair:6   | Received a gift from Okawaru
 18905 | Lair:6   | Reached skill level 10 in Armour
 20429 | Orc:1    | Entered Level 1 of the Orcish Mines
 20543 | Orc:2    | Entered Level 2 of the Orcish Mines
 20543 | Orc:2    | Noticed an orc warlord
 20620 | Orc:1    | Killed an orc warlord
 21149 | Orc:2    | Received a gift from Okawaru
 21150 | Orc:2    | Noticed an orc warlord
 21228 | Orc:2    | Killed an orc warlord
 21320 | Orc:2    | Got a dazzling mace {god gift}
 21623 | Orc:2    | Identified the +5 mace of Beacoule {freeze, Str+2} (Okawaru
                  | gifted it to you on level 2 of the Orcish Mines)
 21770 | Orc:2    | Found a staircase to the Elven Halls.
 22239 | Orc:2    | Received a gift from Okawaru
 22307 | Orc:2    | Found Vadwar's General Store.
 22308 | Orc:2    | Found Delil's Book Emporium.
 22309 | Orc:2    | Found Aniyh's Antique Armour Shoppe.
 22309 | Orc:2    | Found Ompajuge's Antique Weapon Shoppe.
 22537 | Orc:1    | Noticed a stone giant
 22547 | Orc:1    | Killed a stone giant
 22754 | Orc:1    | Received a gift from Okawaru
 22797 | Orc:1    | Reached XP level 15. HP: 137/137 MP: 17/17
 22844 | Orc:1    | Noticed Harold
 22864 | Orc:1    | Killed Harold
 22907 | Orc:1    | Found a runed translucent gate.
 22908 | Orc:1    | Found a runed translucent gate.
 22909 | Orc:1    | Found a runed translucent gate.
 22910 | Orc:1    | Noticed CannibalFerox's ghost (journeyman MiHu)
 22911 | Orc:1    | Noticed Kaxaet's ghost (journeyman MfVM)
 22911 | Orc:1    | Noticed barkas's ghost (journeyman CeMo)
 22958 | Orc:1    | HP: 4/138 [Kaxaet's ghost (21)]
 22958 | Orc:1    | Slain by Kaxaet's ghost

Illustrated notes

Levels and vault maps discovered:
D:1:      dpeg_arrival_rooms_with_view, layout_rooms, minivault_5,
          minmay_misc_feat_x, st_stairs_9, minivault_24, minmay_strange_pillars,
          chequers_serial_rivers_micro_a
D:2:      layout_rooms, first_ration
D:3:      layout_basic, okawaru_ov_weapons_minmay, portal_sewer_entry_e,
          minmay_cut_off
D:4:      layout_basic
D:5:      layout_loops_ring, chequers_big_river
D:6:      layout_cave_pools
D:7:      layout_basic, minmay_temple_entry_glass, enter_bailey_3,
          grunt_qazlal_clouds
D:8:      layout_basic
D:9:      layout_basic, david_nohive_1, uniq_maggie, uniq_prince_ribbit1
D:10:     layout_roguey, minmay_lair_entry_grove, david_orc_2, minmay_nine_imps,
          uniq_maurice, uniq_erolcha, uniq_grum
Lair:1:   layout_layer_cave, minivault_24, serial_bayou_pond_c,
          nicolae_quartered_pool_medium
Lair:2:   layout_roguey, swamp_mist_pool, basic_altar, beast_lair_carwin_9,
          minmay_lair_oklob_chamber
Lair:3:   layout_regular_city, spider_nest_entry_web_field
Lair:4:   layout_roguey, serial_bayou_shore_a
Lair:5:   layout_loops_ring, nicolae_volcano_entry_lava_flow
Lair:6:   hangedman_lair_caniforms_friends, layout_cave_pods,
          hangedman_lair_tendril_chambers, slime_dummy, st_stairs_7,
          gammafunk_lair_bear_cave
Orc:1:    layout_caves, gammafunk_ghost_cemetery, uniq_harold
Orc:2:    st_orc_congregation, layout_caves

Skill      XL: |  1  2  3  4  5  6  7  8  9 10 11 12 13 14 15 |
---------------+----------------------------------------------+-----
Shields        | 4 5 7 8 9 10 11 12 13 | 13.7
Armour         | 4 5 6 7 8 9 10 | 10.6
Maces & Flails | 3 4 5 6 7 8 10 11 12 | 12.9
Dodging        | 1 2 3 4 5 6 7 8 |  8.8
Fighting       | 4 5 6 7 8 9 11 12 13 14 | 14.0
Slings         | 1 3 5 6 9 10 11 12 14 | 14.7
Invocations    | 1 3 4 |  4.6

Action                   |  1- 3 |  4- 6 |  7- 9 | 10-12 | 13-15 || total
-------------------------+-------+-------+-------+-------+-------++-------
Melee: Flail             |    97 |   103 |       |       |       ||   200
       Headbutt          |    17 |    21 |    40 |   187 |   264 ||   529
       Whip              |       |    33 |   221 |   656 |   780 ||  1690
       Mace              |       |       |       |       |    70 ||    70
 Fire: Hunting sling     |       |    54 |   157 |     6 |       ||   217
       Fustibalus        |       |       |       |   332 |   457 ||   789
Throw: Stone             |       |       |       |     1 |     1 ||     2
Invok: Heroism           |       |       |     1 |    14 |    23 ||    38
       Finesse           |       |       |       |       |     9 ||     9
  Use: Scroll            |     4 |     9 |     2 |    13 |     6 ||    34
       Potion            |       |       |       |     1 |    10 ||    11
 Stab: Invisible         |       |       |       |       |     4 ||     4
  Eat: Chunk             |     1 |     8 |     7 |    16 |    20 ||    52
       Ration            |       |       |     2 |     3 |     1 ||     6
Armor: Scale mail        |    78 |    47 |       |     2 |   215 ||   342
       Ring mail         |       |     2 |    21 |       |       ||    23
       Chain mail        |       |       |    73 |     4 |       ||    77
       Swamp dragon scal |       |       |       |    94 |       ||    94
Dodge: Dodged            |    36 |    44 |    97 |   228 |   532 ||   937
Block: Kite shield       |    79 |    67 |   125 |   208 |       ||   479
       Buckler           |       |       |       |    22 |   320 ||   342
       Tower shield      |       |       |       |       |    29 ||    29
